 Dungeon Crawl Stone Soup version 0.30-a0-760-g5a9884b (webtiles) character file.

Game seed: 9799551774665047793

89 Illumine the Conjurer (level 4, -1/30 HPs)
             Began as a Mummy Conjurer on Feb 10, 2023.
             Slain by an orc
             ... wielding a +0 war axe
              (8 damage)
             ... on level 3 of the Dungeon.
             The game lasted 00:03:25 (1736 turns).

Illumine the Conjurer (Mummy Conjurer)              Turns: 1736, Time: 00:03:26

Health: -1/30      AC:  2    Str: 10    XL:     4   Next: 31%
Magic:  2/9        EV: 11    Int: 19    God:
Gold:   74         SH:  0    Dex: 10    Spells: 4/10 levels left

rFire   x . .      SeeInvis .    d - +0 rapier
rCold   + . .      Faith    +    (no shield)
rNeg    + + +      Spirit   .    a - +0 robe
rPois   ∞          Reflect  .    (no helmet)
rElec   .          Harm     .    (no cloak)
rCorr   .          Rampage  .    (no gloves)
Will    .....                    (no boots)
Stlth   ++                       (no amulet)
HPRegen 0.25/turn                (no ring)
MPRegen 0.11/turn                (no ring)

@: no status effects
A: cold resistance 1, negative energy resistance 3, torment resistance 2, heat
vulnerability 1, in touch with death 1, no potions, faith
a: no special abilities


You were on level 3 of the Dungeon.
You visited 1 branch of the dungeon, and saw 3 of its levels.

You collected 74 gold pieces.

Inventory:

Hand Weapons
 d - a +0 rapier (weapon)
Missiles
 i - 4 poisoned darts
Armour
 a - a +0 robe (worn)
Scrolls
 b - a scroll of magic mapping {unknown}
 c - 2 scrolls of identify {unknown}
 e - a scroll of fear {unknown}
 f - a scroll of noise {unknown}
 g - a scroll of teleportation {unknown}
 h - a scroll of immolation {unknown}


   Skills:
 - Level 1.5 Dodging
 - Level 1.5 Stealth
 + Level 3.7 Spellcasting
 * Level 4.1 Conjurations
 * Level 1.2 Earth Magic


You had 4 spell levels left.
You knew the following spells:

 Your Spells              Type           Power      Damage    Failure   Level
a - Magic Dart            Conj           76%        1d6       2%          1
b - Searing Ray           Conj           38%        2d5       3%          2
c - Stone Arrow           Conj/Erth      26%        3d8       14%         3

Your spell library contained the following spells:

 Spells                   Type           Power      Damage    Failure   Level
 Sandblast                Erth           16%        2d6       9%          1
 Passwall                 Tmut/Erth      4%         N/A       17%         2
 Dazzling Flash           Conj/Hex       22%        N/A       19%         3
 Fulminant Prism          Conj/Hex       5%         3d7       52%         4
 Iskenderun's Mystic Bla  Conj/Tloc      11%        2d4       52%         4


Dungeon Overview and Level Annotations

Branches:
Dungeon (3/15)

Altars:

Annotations:
D:2 Robin, Sigmund


Innate Abilities, Weirdness & Mutations

You are immune to poison.
Your flesh is cold resistant. (rC+)
You are immune to negative energy. (rN+++)
You are immune to unholy pain and torment.
You are vulnerable to heat. (rF-)
You are in touch with the powers of death.
You do not drink.
You have a special connection with the divine. (Faith)


Message History

Aim: an orc, wielding a +0 short sword and wearing a +0 leather armour (78% to hit)
The searing ray hits the orc!
You kill the orc! (Press . to maintain the ray.)
You start resting.
An orc is nearby!
The orc shouts!
A jelly comes into view.
A worm comes into view.
There is a stone staircase leading up here.
You climb upwards.
Level annotation: Sigmund Robin shouts!
The goblin shouts! x4; The adder hisses angrily.
The hobgoblin shouts!
The goblin shouts! x2; The hobgoblin shouts!
Robin roars a battlecry!
The goblins go into a battle-frenzy!
The hobgoblin hits you.
The goblin shouts! x2
Found a stone staircase leading up.
There is a stone staircase leading down here.
The worm closely misses you.
The hobgoblin hits you but does no damage.
You climb downwards.
There is a stone staircase leading up here.
Unknown command.
A frilled lizard comes into view.
Found a stone staircase leading down.
The worm bites you. The orc hits you with a +0 war axe.
The worm bites you but does no damage.
The frilled lizard hisses angrily.
The hobgoblin attacks as you move away! The hobgoblin hits you.
The orc hits you with a +0 war axe!
* * * LOW HITPOINT WARNING * * *
You hit the frilled lizard but do no damage.
The orc hits you with a +0 war axe.
* * * LOW HITPOINT WARNING * * *
The frilled lizard bites you.
* * * LOW HITPOINT WARNING * * *
The hobgoblin barely misses you. The worm closely misses you.
The frilled lizard closely misses you. The orc hits you with a +0 war axe!
You die...

#.###..................).#####
#..................#.#####
#...............####.#######
#...........................
#...............####..######
#.......###.<...## ##..#
#................# #...
##oo.....###.ow.).# ##...
###...###......g@.#...# J...
#.....# #########l###.# ...
#.<...# #... .# .. #.)...#
###.... #.....# ..>.. #.....#
.... #.....# ### #######


You could see a worm, an orc, a hobgoblin (strong) and a frilled lizard.

Vanquished Creatures
  A hound (D:3)
  An adder (D:2)
  A worm (D:3)
  3 dart slugs (D:1)
  4 orcs
  3 ball pythons (D:1)
  2 endoplasms
  A giant cockroach (D:2)
  3 goblins
  A hobgoblin (D:1)
  A jackal (D:1)
  5 kobolds
  A quokka (D:1)
  7 bats
  2 frilled lizards
  2 rats
38 creatures vanquished.

Notes
Turn   | Place    | Note
-------+----------+-------------------------------------------
     0 | D:1      | Illumine the Mummy Conjurer began the quest for the Orb.
     0 | D:1      | Reached XP level 1. HP: 13/13 MP: 4/4
   314 | D:1      | Reached XP level 2. HP: 19/19 MP: 0/6
   425 | D:1      | Learned a level 2 spell: Searing Ray
   702 | D:1      | Found a faded altar of an unknown god.
   896 | D:1      | Gained mutation: You are in touch with the powers of death.
                  | [Mummy growth]
   896 | D:1      | Reached XP level 3. HP: 24/24 MP: 5/7
   900 | D:1      | Learned a level 3 spell: Stone Arrow
  1404 | D:2      | Noticed Sigmund
  1434 | D:3      | Reached skill level 4 in Conjurations
  1434 | D:3      | Reached skill level 1 in Earth Magic
  1434 | D:3      | Reached XP level 4. HP: 30/30 MP: 2/9
  1728 | D:2      | Noticed Robin
  1736 | D:3      | Slain by an orc

Illustrated notes

Levels and vault maps discovered:
D:1:      dpeg_chamrin_arrival_tetris, layout_loops_ring,
          basic_ecumenical_altar, minmay_indecisive_spiral
D:2:      layout_loops_ring, minmay_tetromino_t4, uniq_sigmund, uniq_robin
D:3:      layout_rooms, minivault_14

Skill      XL: |  1  2  3 |
---------------+----------+-----
Spellcasting   | 3 |  3.7
Conjurations   | 4 |  4.1
Earth Magic    | 1 |  1.2
Dodging        | |  1.5
Stealth        | |  1.5

Action                     |  1- 3 |  4- 6 || total
---------------------------+-------+-------++-------
  Melee: Rapier            |     5 |     4 ||     9
   Cast: Magic Dart        |    61 |     4 ||    65
         Searing Ray       |     2 |     4 ||     6
 Armour: Robe              |     2 |     3 ||     5
  Dodge: Dodged            |     1 |     6 ||     7

Table legend: (Time is in decaauts)
 A = Elapsed time spent in this place.
 B = Non-inter-level travel time spent in this place.
 C = Inter-level travel time spent in this place.
 D = Time resting spent in this place.
 E = Time spent auto-exploring this place.
 F = Levels seen in this place.
 G = Mean time per level.
                   A        B        C        D        E       F      G
               +--------+--------+--------+--------+--------+-----+--------+
         Total |   1737 |   1659 |     78 |    232 |   1109 |   3 |  579.0 |
       Dungeon |   1737 |   1659 |     78 |    232 |   1109 |   3 |  579.0 |
               +--------+--------+--------+--------+--------+-----+--------+

Top non-repeatable levels by time:
     D:1: 1017 daAuts
     D:2: 564 daAuts
     D:3: 155 daAuts
